PBL
CANTON INDIANS @ BROCKTON ROX
06/11/2047
 
TOP OF THE 1ST
Canton Indians batting - Pitching for Brockton Rox : RHP Mitsuharu Yoshimoto
Pitching: RHP Mitsuharu Yoshimoto
Batting: RHB George Wagner 0-0: Called Strike
0-1: Ball
1-1: Ball
2-1: Fly out, F7 (Flyball, 7, EV 93.1 MPH)
Batting: RHB Aaron Stout 0-0: Called Strike
0-1: Foul Ball, location: 2F
0-2: Ball
1-2: Strikes out swinging
Batting: RHB Bill Ortiz 0-0: Called Strike
0-1: Ball
1-1: Ball
2-1: Swinging Strike
2-2: Ball
3-2: Foul Ball, location: 2F
3-2: Base on Balls
Batting: RHB Jose Rodriguez 0-0: Ball
1-0: Swinging Strike
1-1: Fielders Choice at 2nd, U6 (Groundball, 6M, EV 88.1 MPH)
Top of the 1st over - 0 runs, 0 hits, 0 errors, 1 left on base; Canton 0 - Brockton 0
BOTTOM OF THE 1ST
Brockton Rox batting - Pitching for Canton Indians : RHP Sergei Stefanov
Pitching: RHP Sergei Stefanov
Batting: LHB Eric Gaugler 0-0: Swinging Strike
0-1: Ball
1-1: Ball
2-1: Swinging Strike
2-2: Ball
3-2: Strikes out swinging
Batting: LHB Kien-lung Zou 0-0: Ball
1-0: Foul Ball, location: 2F
1-1: Fly out, F8 (Flyball, 89M, EV 81.2 MPH)
Batting: RHB Kirk Cully 0-0: Ball
1-0: Ball
2-0: Called Strike
2-1: Foul Ball, location: 2F
2-2: Foul Ball, location: 2F
2-2: Foul Ball, location: 2F
2-2: Ball
3-2: Foul Ball, location: 2F
3-2: Foul Ball, location: 2F
3-2: Base on Balls
Batting: RHB Felix Rangel 0-0: Ball
1-0: Called Strike
1-1: Foul Ball, location: 2F
1-2: Strikes out swinging, 2-3 out at first.
Bottom of the 1st over - 0 runs, 0 hits, 0 errors, 1 left on base; Canton 0 - Brockton 0
TOP OF THE 2ND
Canton Indians batting - Pitching for Brockton Rox : RHP Mitsuharu Yoshimoto
Batting: RHB Leo Villa 0-0: Foul Ball, location: 2F
0-1: Ball
1-1: Fly out, F4 (Popup, 4S, EV 77.5 MPH)
Batting: RHB Patrick Pinault 0-0: Foul Ball, location: 2F
0-1: Swinging Strike
0-2: Foul Ball, location: 2F
0-2: Strikes out swinging
Batting: RHB Tony Gonzales 0-0: Called Strike
0-1: TRIPLE (Line Drive, 78XD, EV 105.6 MPH)
Batting: RHB Juan Ordonez 0-0: Called Strike
0-1: Ball
1-1: Ball
2-1: SINGLE (Groundball, 6M, EV 86.9 MPH) (infield hit)
Tony Gonzales scores
Batting: LHB Mario Garza 0-0: Ball
1-0: Ball
Juan Ordonez steals 2nd base (no throw)
2-0: Called Strike
2-1: Foul Ball, location: 2F
2-2: SINGLE (Line Drive, 89S, EV 106.2 MPH)
Juan Ordonez to third
Batting: RHB George Wagner 0-0: Fly out, F7 (Flyball, 78M, EV 88.1 MPH)
Top of the 2nd over - 1 run, 3 hits, 0 errors, 2 left on base; Canton 1 - Brockton 0
BOTTOM OF THE 2ND
Brockton Rox batting - Pitching for Canton Indians : RHP Sergei Stefanov
Batting: SHB Matsudaira Ikeda 0-0: Called Strike
0-1: Called Strike
0-2: Foul Ball, location: 2F
0-2: Ball
1-2: Strikes out swinging
Batting: RHB Eric Kent 0-0: DOUBLE (Line Drive, 78XD, EV 104.4 MPH)
Batting: RHB Estevan Carrillo 0-0: Ball
1-0: Swinging Strike
1-1: Foul Ball, location: 2F
1-2: Strikes out swinging
Batting: SHB Mel Gonzalez 0-0: Foul Ball, location: 2F
0-1: Swinging Strike
0-2: Ball
1-2: Strikes out swinging
Bottom of the 2nd over - 0 runs, 1 hit, 0 errors, 1 left on base; Canton 1 - Brockton 0
TOP OF THE 3RD
Canton Indians batting - Pitching for Brockton Rox : RHP Mitsuharu Yoshimoto
Batting: RHB Aaron Stout 0-0: Called Strike
0-1: Called Strike
0-2: Strikes out swinging
Batting: RHB Bill Ortiz 0-0: Called Strike
0-1: Foul Ball, location: 2F
0-2: Strikes out swinging
Batting: RHB Jose Rodriguez 0-0: Ball
1-0: Foul Ball, location: 2F
1-1: Foul Ball, location: 2F
1-2: Ball
2-2: Strikes out swinging
Top of the 3rd over - 0 runs, 0 hits, 0 errors, 0 left on base; Canton 1 - Brockton 0
BOTTOM OF THE 3RD
Brockton Rox batting - Pitching for Canton Indians : RHP Sergei Stefanov
Batting: LHB Isaiah Spitzbarth 0-0: Called Strike
0-1: Fly out, F9 (Flyball, 89S, EV 86.2 MPH)
Batting: LHB Eric Gaugler 0-0: Ball
1-0: Foul Ball, location: 2F
1-1: Ball
2-1: Called Strike
2-2: Ball
3-2: Foul Ball, location: 2F
3-2: Hit by Pitch
Batting: LHB Kien-lung Zou 0-0: Ball
Eric Gaugler steals 2nd base
1-0: Called Strike
1-1: Ball
2-1: Fly out, F8 (Flyball, 8RXD, EV 93.8 MPH)
Runner from 2nd tags up, SAFE at 3rd, no throw by CF
Batting: RHB Kirk Cully 0-0: Fly out, F8 (Flyball, 8RD, EV 101.9 MPH)
Bottom of the 3rd over - 0 runs, 0 hits, 0 errors, 1 left on base; Canton 1 - Brockton 0
TOP OF THE 4TH
Canton Indians batting - Pitching for Brockton Rox : RHP Mitsuharu Yoshimoto
Batting: RHB Leo Villa 0-0: Ball
1-0: Foul Ball, location: 2F
1-1: Foul Ball, location: 2F
1-2: Fly out, F7 (Flyball, 78S, EV 86.9 MPH)
Batting: RHB Patrick Pinault 0-0: Foul Ball, location: 2F
0-1: Ground out 6-3 (Groundball, 6, EV 88.1 MPH)
Batting: RHB Tony Gonzales 0-0: Called Strike
0-1: Swinging Strike
0-2: Ball
1-2: Fly out, F9 (Flyball, 9, EV 81.9 MPH)
Top of the 4th over - 0 runs, 0 hits, 0 errors, 0 left on base; Canton 1 - Brockton 0
BOTTOM OF THE 4TH
Brockton Rox batting - Pitching for Canton Indians : RHP Sergei Stefanov
Batting: RHB Felix Rangel 0-0: Ball
1-0: Ball
2-0: SOLO HOME RUN (Flyball, 7LD, EV 95.6 MPH), Distance : 361 ft
Batting: SHB Matsudaira Ikeda 0-0: SINGLE (Groundball, 34, EV 103.1 MPH)
Batting: RHB Eric Kent 0-0: Fly out, F8 (Flyball, 89M, EV 93.8 MPH)
Batting: RHB Estevan Carrillo 0-0: Called Strike
Matsudaira Ikeda steals 2nd base
0-1: Ball
1-1: Ball
2-1: Foul Ball, location: 2F
2-2: Strikes out swinging
Batting: SHB Mel Gonzalez 0-0: Ball
1-0: Ball
2-0: Ground out U3 (Groundball, 3L, EV 88.8 MPH)
Bottom of the 4th over - 1 run, 2 hits, 0 errors, 1 left on base; Canton 1 - Brockton 1
TOP OF THE 5TH
Canton Indians batting - Pitching for Brockton Rox : RHP Mitsuharu Yoshimoto
Batting: RHB Juan Ordonez 0-0: Called Strike
0-1: Called Strike
0-2: Ball
1-2: Foul Ball, location: 2F
1-2: Ball
2-2: Foul Ball, location: 2F
2-2: DOUBLE (Line Drive, 7LS, EV 105.6 MPH)
Batting: LHB Mario Garza 0-0: Swinging Strike
0-1: Ball
1-1: Foul Ball, location: 2F
1-2: Ball
2-2: Fly out, F8 (Flyball, 8LD, EV 85.0 MPH)
Runner from 2nd tags up, SAFE at 3rd with throw by CF
Batting: RHB George Wagner 0-0: Swinging Strike
0-1: Reached on error, E3 (Groundball, 34, EV 76.9 MPH)
Juan Ordonez scores
Batting: RHB Aaron Stout 0-0: Ball
George Wagner is caught stealing 2nd base 2-4
1-0: SINGLE (Groundball, 56D, EV 108.8 MPH)
Batting: RHB Bill Ortiz 0-0: Called Strike
Aaron Stout is caught stealing 2nd base 2-4
Top of the 5th over - 1 run, 2 hits, 1 error, 0 left on base; Canton 2 - Brockton 1
BOTTOM OF THE 5TH
Brockton Rox batting - Pitching for Canton Indians : RHP Sergei Stefanov
Batting: LHB Isaiah Spitzbarth 0-0: Ball
1-0: SOLO HOME RUN (Flyball, 9LD, EV 90.0 MPH), Distance : 335 ft
Batting: LHB Eric Gaugler 0-0: Called Strike
0-1: Swinging Strike
0-2: Strikes out swinging
Batting: LHB Kien-lung Zou 0-0: Ball
1-0: Ball
2-0: Called Strike
2-1: Ball
3-1: Ground out U3 (Groundball, 3, EV 86.9 MPH)
Batting: RHB Kirk Cully 0-0: Ball
1-0: Ball
2-0: Called Strike
2-1: Swinging Strike
2-2: Ground out 4-3 (Groundball, 4M, EV 76.9 MPH)
Bottom of the 5th over - 1 run, 1 hit, 0 errors, 0 left on base; Canton 2 - Brockton 2
TOP OF THE 6TH
Canton Indians batting - Pitching for Brockton Rox : RHP Mitsuharu Yoshimoto
Batting: RHB Bill Ortiz 0-0: SINGLE (Line Drive, 8LS, EV 105.0 MPH)
Batting: RHB Jose Rodriguez 0-0: Called Strike
0-1: Fly out, F8 (Flyball, 78D, EV 78.8 MPH)
Batting: RHB Leo Villa 0-0: Swinging Strike
0-1: Ball
1-1: Swinging Strike
1-2: Strikes out swinging
Pitching: RHP Murilo Selo
Batting: RHB Patrick Pinault 0-0: Called Strike
0-1: Called Strike
0-2: Foul Ball, location: 2F
0-2: Strikes out swinging
Top of the 6th over - 0 runs, 1 hit, 0 errors, 1 left on base; Canton 2 - Brockton 2
BOTTOM OF THE 6TH
Brockton Rox batting - Pitching for Canton Indians : RHP Sergei Stefanov
Batting: RHB Felix Rangel 0-0: Fly out, F8 (Flyball, 78D, EV 101.9 MPH)
Batting: SHB Matsudaira Ikeda 0-0: Ball
1-0: Swinging Strike
1-1: Ball
2-1: Ball
3-1: Foul Ball, location: 2F
3-2: Foul Ball, location: 2F
3-2: Foul Ball, location: 2F
3-2: Strikes out swinging
Batting: RHB Eric Kent 0-0: Called Strike
0-1: Ball
1-1: Fly out, F9 (Flyball, 89M, EV 89.4 MPH)
Bottom of the 6th over - 0 runs, 0 hits, 0 errors, 0 left on base; Canton 2 - Brockton 2
TOP OF THE 7TH
Canton Indians batting - Pitching for Brockton Rox : RHP Murilo Selo
Batting: RHB Tony Gonzales 0-0: Ball
1-0: Ball
2-0: Ball
3-0: Base on Balls
Batting: RHB Juan Ordonez 0-0: Bunted foul
0-1: Bunted foul
0-2: Ball
1-2: Ball
2-2: Foul Ball, location: 2F
2-2: Fly out, F7 (Flyball, 7LM, EV 86.9 MPH)
Pinch Hitting: RHB Justin Teague 0-0: Ball
Tony Gonzales steals 2nd base
1-0: Ball
2-0: Ball
3-0: Called Strike
3-1: Base on Balls
Batting: RHB George Wagner 0-0: Swinging Strike
0-1: Called Strike
0-2: Strikes out looking
Batting: RHB Aaron Stout 0-0: Ball
1-0: Called Strike
1-1: Ball
2-1: Ball
3-1: Base on Balls
Tony Gonzales to third
Justin Teague to second
Batting: RHB Bill Ortiz 0-0: Called Strike
0-1: Foul Ball, location: 2F
0-2: Ground out 3-1 (Groundball, 34S, EV 91.2 MPH)
Top of the 7th over - 0 runs, 0 hits, 0 errors, 3 left on base; Canton 2 - Brockton 2
BOTTOM OF THE 7TH
Brockton Rox batting - Pitching for Canton Indians : RHP Sergei Stefanov
Now in LF: Justin Teague
Batting: RHB Estevan Carrillo 0-0: Fly out, F9 (Flyball, 9LSF, EV 98.1 MPH)
Batting: SHB Mel Gonzalez 0-0: Foul Ball, location: 2F
0-1: Foul Ball, location: 2F
0-2: Foul Ball, location: 2F
0-2: Ball
1-2: Foul Ball, location: 2F
1-2: Ball
2-2: Ball
3-2: Base on Balls
Batting: LHB Isaiah Spitzbarth 0-0: Fly out, F8 (Flyball, 8RM, EV 91.2 MPH)
Batting: LHB Eric Gaugler 0-0: Ball
1-0: Called Strike
1-1: Ball
2-1: Ball
3-1: Base on Balls
Mel Gonzalez to second
Batting: LHB Kien-lung Zou 0-0: Ball
1-0: Swinging Strike
1-1: Foul Ball, location: 2F
1-2: Foul Ball, location: 2F
1-2: Strikes out swinging
Bottom of the 7th over - 0 runs, 0 hits, 0 errors, 2 left on base; Canton 2 - Brockton 2
TOP OF THE 8TH
Canton Indians batting - Pitching for Brockton Rox : RHP Murilo Selo
Pinch Hitting: LHB Mesfin Azagba 0-0: Ball
1-0: Foul Ball, location: 2F
1-1: Swinging Strike
1-2: Strikes out swinging
Batting: SHB Jay Rook 0-0: Ball
1-0: Ball
2-0: Ball
3-0: Base on Balls
Pinch Hitting: RHB Leo Candelas 0-0: Foul Ball, location: 2F
0-1: Called Strike
0-2: Ball
1-2: Fly out, F7 (Flyball, 7S, EV 87.5 MPH)
Pinch Hitting: RHB Jose Argueta 0-0: Called Strike
0-1: SINGLE (Line Drive, 78S, EV 109.4 MPH)
Jay Rook to second
Pinch Runner at 2nd Quan Tai:
Pinch Hitting: RHB Jesus Montana 0-0: Ball
1-0: Called Strike
1-1: Foul Ball, location: 2F
1-2: Fly out, F7 (Line Drive, 7, EV 91.9 MPH)
Top of the 8th over - 0 runs, 1 hit, 0 errors, 2 left on base; Canton 2 - Brockton 2
BOTTOM OF THE 8TH
Brockton Rox batting - Pitching for Canton Indians : RHP Sergei Stefanov
Pitching: RHP Antonio Olvera
Now at C: Esteban Rangel
Now at 2B: Jose Argueta
Now at 3B: Mesfin Azagba
Now in LF: Jesus Montana
Now in RF: Justin Teague
Batting: RHB Kirk Cully 0-0: Called Strike
0-1: Foul Ball, location: 2F
0-2: Ball
1-2: Foul Ball, location: 2F
1-2: Ball
2-2: Strikes out swinging
Batting: RHB Felix Rangel 0-0: Called Strike
0-1: Fly out, F8 (Flyball, 8RM, EV 81.9 MPH)
Batting: SHB Matsudaira Ikeda 0-0: Called Strike
0-1: Swinging Strike
0-2: Ball
1-2: Ball
2-2: Foul Ball, location: 2F
2-2: Ball
3-2: Strikes out swinging
Bottom of the 8th over - 0 runs, 0 hits, 0 errors, 0 left on base; Canton 2 - Brockton 2
TOP OF THE 9TH
Canton Indians batting - Pitching for Brockton Rox : RHP Murilo Selo
Batting: RHB Justin Teague 0-0: Called Strike
0-1: Ball
1-1: SINGLE (Groundball, 4, EV 85.0 MPH) (infield hit)
Batting: RHB George Wagner 0-0: Bunted foul
0-1: Sac Bunt to 15 - play at first, batter OUT! 1-3
Justin Teague to second
Pitching: LHP Jessie Leslie
Batting: RHB Aaron Stout 0-0: Ball
1-0: Ball
2-0: Ball
3-0: Base on Balls
Pinch Runner at 2nd Russ Kennett:
Batting: RHB Bill Ortiz 0-0: Swinging Strike
0-1: SINGLE (Groundball, 56D, EV 102.5 MPH)
Russ Kennett to third
Aaron Stout to second
Runner from 3rd tries for Home, SAFE, throw by LF to home
Pinch Hitting: RHB Justin Young 0-0: Ball
1-0: Called Strike
1-1: Ball
2-1: Ball
3-1: Base on Balls
Aaron Stout to third
Bill Ortiz to second
Batting: RHB Quan Tai 0-0: Ball
1-0: DOUBLE (Flyball, 3D, EV 101.9 MPH)
Aaron Stout scores
Bill Ortiz scores
Justin Young to third
Batting: RHB Esteban Rangel 0-0: Ground out 6-3 (Groundball, 56, EV 81.2 MPH)
Justin Young scores
Batting: RHB Jose Argueta 0-0: Ball
1-0: Foul Ball, location: 2F
1-1: Ball
2-1: Swinging Strike
2-2: Ball
3-2: Ground out 5-3 (Groundball, 56, EV 110.0 MPH)
Top of the 9th over - 4 runs, 3 hits, 0 errors, 1 left on base; Canton 6 - Brockton 2
BOTTOM OF THE 9TH
Brockton Rox batting - Pitching for Canton Indians : RHP Antonio Olvera
Now at 3B: Cruz Castro
Now in RF: Xavier Bartolani
Batting: RHB Eric Kent 0-0: Swinging Strike
0-1: Called Strike
0-2: Foul Ball, location: 2F
0-2: Strikes out swinging
Pinch Hitting: SHB Arihito Hiramoto 0-0: SINGLE (Flyball, 56D, EV 91.9 MPH)
Pinch Hitting: RHB Mo Tsang 0-0: Swinging Strike
0-1: 2-RUN HOME RUN (Flyball, 89XD, EV 115.6 MPH), Distance : 433 ft
Pitching: RHP Chris Gomez
Now at 1B: Aaron Stout
Now at SS: Adam McMillen
Batting: LHB Isaiah Spitzbarth 0-0: Swinging Strike
0-1: Ball
1-1: Called Strike
1-2: Ball
2-2: Strikes out swinging
Batting: LHB Eric Gaugler 0-0: Called Strike
0-1: Foul Ball, location: 2F
0-2: Ball
1-2: Foul Ball, location: 2F
1-2: Foul Ball, location: 2F
1-2: Ground out 6-3 (Groundball, 4MS, EV 85.0 MPH)
Bottom of the 9th over - 2 runs, 2 hits, 0 errors, 0 left on base; Canton 6 - Brockton 4
Thursday, December 15th , 2022 - OOTP Baseball 23.9 Build 102